 Dungeon Crawl Stone Soup version 0.19-a0-1886-gd64a0f0 (webtiles) character file.

93 Leibowitz the Poker (level 4, -4/34 HPs)
             Began as a Merfolk Gladiator on Oct 15, 2016.
             Killed by nerve-wracking pain
             ... invoked by an orc priest
              (12 damage)
             ... on level 3 of the Dungeon.
             The game lasted 00:05:01 (1495 turns).

Leibowitz the Poker (Merfolk Gladiator)             Turns: 1495, Time: 00:05:01

Health: -4/34      AC:  5    Str: 15    XL:     4   Next: 62%
Magic:  4/4        EV: 14    Int:  7    God:
Gold:   261        SH:  0    Dex: 15    Spells: 0 memorised, 3 levels left

rFire  . . .     SeeInvis +     a - +0 trident
rCold  + . .     Gourm    .     h - +1 leather armour {rC+}
rNeg   . . .     Faith    .     (no shield)
rPois  .         Spirit   .     c - +0 helmet
rElec  .         Dismiss  .     (no cloak)
rCorr  .         Reflect  .     (no gloves)
MR     .....     Harm     .     (no boots)
Stlth  +.........               (no amulet)
                                (no ring)
                                r - ring of see invisible

@: drained
A: change form in water, swift swim, stealthy swim
a: no special abilities


You were on level 3 of the Dungeon.
You were hungry.

You visited 1 branch of the dungeon, and saw 3 of its levels.

You collected 261 gold pieces.

Inventory:

Hand Weapons
 a - a +0 trident (weapon)
 j - a +0 blowgun
Missiles
 d - 2 throwing nets (quivered)
Armour
 c - a +0 helmet (worn)
 h - a +1 leather armour of cold resistance (worn)
Jewellery
 r - a ring of see invisible (left hand)
Scrolls
 b - 2 scrolls of remove curse {unknown}
 e - 2 scrolls of random uselessness {unknown}
 i - a scroll of enchant weapon {unknown}
 p - a scroll of identify {unknown}
 q - a scroll of teleportation {unknown}
 s - a scroll of recharging {unknown}
 t - a scroll of enchant armour {unknown}
Potions
 g - a potion of degeneration {unknown}
 k - 2 potions of lignification {unknown}
 l - a potion of ambrosia {unknown}
 m - a potion of experience {unknown}
 o - a potion of cure mutation {unknown}
 u - a potion of agility {unknown}
Comestibles
 f - 2 bread rations
 n - 3 meat rations


   Skills:
 * Level 2.5(2.2) Fighting
 * Level 5.8(5.5) Polearms
 + Level 2.0(1.7) Throwing
 * Level 1.0(0.7) Armour
 * Level 5.1(4.8) Dodging
 + Level 0.5(0.3) Stealth


You had 3 spell levels left.
You didn't know any spells.

Dungeon Overview and Level Annotations

Branches:
Dungeon (3/15)

Altars:
Nemelex Xobeh
Sif Muna

Annotations:
D:2 Robin


Message History

The orc priest barely misses you.
You hit the orc priest.
The orc priest is severely wounded.
The orc priest hits you with a whip.
You hit the orc priest but do no damage.
The orc priest is severely wounded.
The orc priest barely misses you.
You barely miss the orc priest.
The orc priest is severely wounded.
The orc priest hits you with a whip.
* * * LOW HITPOINT WARNING * * *
Throwing (i - inventory):
d - 3 throwing nets (quivered)
Press: ? - help, Shift-Dir - straight line, f - orc priest
Aim: an orc priest, wielding a whip and wearing a leather armour (severely wounded)
You throw a throwing net. The throwing net hits the orc priest.
The orc priest is caught in the net!
The orc priest is severely wounded.
The orc priest calls down the wrath of Beogh upon you.
Pain shoots through your body!
You die...

## ####....
. ......
#.##...#
#.#....#
#......#
#.###....###
#.....)....#
####.#o###.#
#.#@# #)#
#.#.#


oo! #.#.##...5 ..#.##..... ###.###..... ..# ###.... ### ...[. You could see an
orc priest (caught).

Vanquished Creatures
  Natasha (D:3)
  2 adders (D:2)
  2 oozes (D:1)
  A leopard gecko (D:2)
  4 orcs
  A ball python (D:1)
  3 goblins
  5 hobgoblins
  2 jackals (D:1)
  5 kobolds
  A quokka (D:2)
  4 bats
  A frilled lizard (D:2)
  5 rats
  A fungus (D:1)
38 creatures vanquished.

Notes
Turn   | Place    | Note
-------+----------+-------------------------------------------
     0 | D:1      | Leibowitz the Merfolk Gladiator began the quest for the Orb.
     0 | D:1      | Reached XP level 1. HP: 16/16 MP: 1/1
    33 | D:1      | Reached XP level 2. HP: 22/22 MP: 2/2
   415 | D:1      | Reached skill level 5 in Polearms
   477 | D:1      | Reached XP level 3. HP: 28/28 MP: 3/3
   700 | D:2      | Found a sparkling altar of Nemelex Xobeh.
  1333 | D:2      | Noticed Robin
  1333 | D:2      | Found a deep blue altar of Sif Muna.
  1370 | D:2      | Reached XP level 4. HP: 32/34 MP: 4/4
  1415 | D:3      | Noticed Natasha
  1429 | D:3      | Killed Natasha
  1429 | D:3      | Reached skill level 1 in Armour
  1429 | D:3      | Reached skill level 5 in Dodging
  1495 | D:3      | Killed from afar by an orc priest

Vault maps used:
D:1:      minmay_arrival_stone_box, minivault_25, minmay_gold_behind_fungi
D:2:      nicolae_overflow_hidden_temple, lemuel_doored_altar, uniq_robin
D:3:      lemuel_crystal_altar, uniq_natasha, uniq_sigmund

Skill      XL: |  1  2  3  4 |
---------------+-------------+-----
Polearms       | 5 |  5.8
Armour         | 1 |  1.0
Dodging        | 5 |  5.1
Fighting       | |  2.5
Throwing       | |  2.0
Stealth        | |  0.5

Action                   |  1- 3 |  4- 6 || total
-------------------------+-------+-------++-------
Melee: Trident           |   113 |    28 ||   141
Throw: Throwing net      |       |     1 ||     1
 Stab: Sleeping          |     3 |       ||     3
  Eat: Chunk             |       |     1 ||     1
Armor: Leather armour    |    30 |     1 ||    31
Dodge: Dodged            |    78 |    11 ||    89
